 Dungeon Crawl Stone Soup version 0.31.0-11-ge490571c62 (webtiles) character file.

Game seed: 15347138518606404456

26 qw the Shooter (level 2, 0/14 HPs)
             Began as a Spriggan Hunter on Feb 4, 2024.
             Succumbed to their own poison gas
             ... on level 1 of the Dungeon.
             The game lasted 00:00:02 (652 turns).

qw the Shooter (Spriggan Hunter)                     Turns: 652, Time: 00:00:02

Health: 0/14       AC:  2    Str:  7    XL:     2   Next: 89%
Magic:  3/3        EV: 19    Int: 10    God:
Gold:   46         SH:  0    Dex: 18    Spells: 1/1 levels left

rFire   . . .        a - +0 shortbow
rCold   . . .        (shield currently unavailable)
rNeg    . . .        c - +0 robe
rPois   .            (helmet restricted)
rElec   .            (no cloak)
rCorr   .            (gloves unavailable)
SInv    +            (boots unavailable)
Will    .....        (no amulet)
Stlth   ++           (no ring)
HPRegen 0.22/turn    (no ring)
MPRegen 0.08/turn

%: no passive effects
@: lethally poisoned (0 -> -11), very quick
A: very small, no large weapons, unfitting armour, see invisible, speed 3
a: no special abilities


You were on level 1 of the Dungeon.
You visited 1 branch of the dungeon, and saw 1 of its levels.

You collected 46 gold pieces.


Innate Abilities, Weirdness & Mutations

You are very small and have problems with some larger weapons.
You are too small for most types of armour.
You have supernaturally acute eyesight. (SInv)
You cover ground extremely quickly. (Speed+++)


   Skills:
 - Level 1.5 Fighting
 + Level 4.4 Ranged Weapons
 - Level 4.0 Dodging
 - Level 1.5 Stealth


You had one spell level left.
You didn't know any spells.
Your spell library was empty.

Inventory:

Hand Weapons
 a - a +0 shortbow (weapon)
Armour
 c - a +0 robe (worn)
Potions
 d - a potion of curing {unknown}
 g - a potion of heal wounds {unknown}

Dungeon Overview and Level Annotations

Branches:
Dungeon (1/15)

Altars:


Message History

The air fills with toxic fumes!
As you read the scroll labelled KUDESE MESTRER, it crumbles to dust.
It was a scroll of poison.
Partly explored, can't reach some places.
647 ||| READING scroll labelled LIOCOG REUTH.
As you read the scroll labelled LIOCOG REUTH, it crumbles to dust.
It is a scroll of enchant armour.
647 ||| ENCHANTING +0 shortbow.
Partly explored, can't reach some places.
648 ||| DROPPING scroll of butterflies.
You drop a scroll of butterflies.
Partly explored, can't reach some places.
What level of the Dungeon? (default 1, ? - help) Sorry, I don't know how to get there.
Enter note:
Enter note:
Enter note:
Enter note:
Enter note:
Enter note:
Enter note:
Enter note:
Enter note:
Enter note:
Enter note:
Enter note:
Enter note:
Enter note:
Enter note:
Enter note:
Enter note:
Enter note: You are engulfed in poison gas.
You are lethally poisoned!
You feel very sick.
650 ||| Stepping ~*~*~tactically~*~*~ (cloud).
You feel very sick.
You see here a scroll of butterflies.
There is a lethal amount of poison in your body!
You feel very sick.
There is a lethal amount of poison in your body!
You die...

)..................#####.#......#
..###........¤¤¤¤¤¤¤¤¤0¤.#.......
..).###.......¤¤¤¤¤¤¤¤¤###.####.#
......###.....¤00¤¤¤¤0¤# #.# #.#
........###....¤¤0¤¤¤¤¤# #.# #.#
......###......¤¤¤¤¤¤¤¤# #.# #.#
....###........#¤0¤¤¤#####.# #.#
..###...###....#¤0¤¤¤¤¤¤...# #..
......###......#@0¤0¤####### ###
....###........#¤¤¤¤0# #
..###).........#0¤¤¤¤# #
#...###........#¤00¤0# #
##....###....).#¤¤¤¤¤# #
#......###%...#¤00¤¤# #
###.........###¤¤0¤¤# #
##........# ####### # ##########
#


There were no monsters in sight!

Vanquished Creatures
  2 ball pythons (D:1)
  An endoplasm (D:1)
  2 giant cockroaches (D:1)
  6 goblins (D:1)
  3 hobgoblins (D:1)
  A jackal (D:1)
  A kobold (D:1)
  3 bats (D:1)
  2 frilled lizards (D:1)
  4 rats (D:1)
25 creatures vanquished.

Notes
Turn   | Place    | Note
-------+----------+-------------------------------------------
     0 | D:1      | qw the Spriggan Hunter began the quest for the Orb.
     0 | D:1      | Reached XP level 1. HP: 10/10 MP: 2/2
     0 | D:1      | 0 ||| qw: Version: 0.3-a-160-g6735b56
     0 | D:1      | 0 ||| qw: Game counter: 4620
     0 | D:1      | 0 ||| qw: Melee chars always use a shield: true
     0 | D:1      | 0 ||| qw: God list: Okawaru
     0 | D:1      | 0 ||| qw: Allow faded altars: false
     0 | D:1      | 0 ||| qw: Do Orc after clearing Dungeon:15 true
     0 | D:1      | 0 ||| qw: Do second Lair branch before Depths: true
     0 | D:1      | 0 ||| qw: Lair rune preference: random
     0 | D:1      | 0 ||| qw: Goals: Normal
     0 | D:1      | 0 ||| PLANNING D:1-11
    31 | D:1      | Reached skill level 3 in Dodging
   194 | D:1      | Reached XP level 2. HP: 14/14 MP: 3/3
   644 | D:1      | 644 ||| READING scroll labelled RIGEAC MOAGIM.
   645 | D:1      | 645 ||| READING scroll labelled JISCHY ZANUI.
   646 | D:1      | 646 ||| READING scroll labelled KUDESE MESTRER.
   647 | D:1      | 647 ||| READING scroll labelled LIOCOG REUTH.
   647 | D:1      | 647 ||| ENCHANTING +0 shortbow.
   648 | D:1      | 648 ||| DROPPING scroll of butterflies.
   650 | D:1      | 650 ||| Stepping ~*~*~tactically~*~*~ (cloud).
   651 | D:1      | HP: 3/14 [poisoned by you (poison gas)]
   652 | D:1      | Succumbed to their own poison gas

Levels and vault maps discovered:
D:1:      saegor_arrival_simple_d, layout_basic, minivault_14,
          minmay_curled_crystal, minmay_unequal

Skill      XL: |  1  2 |
---------------+-------+-----
Dodging        | 3 4 |  4.0
Fighting       | |  1.5
Ranged Weapons | |  4.4
Stealth        | |  1.5

Action                     || total
---------------------------++-------
   Fire: Shortbow          ||    50
    Use: Scroll            ||     4
  Dodge: Dodged            ||     3

Table legend:
 A = Non-vault XP
 B = Vault XP
 C = Vault XP percentage of total XP
 D = Non-vault monster count
 E = Vault monster count
 F = Vault count percentage of total count
                 A         B        C        D         E       F
            +---------+---------+-------+---------+---------+-------
      Total |      29 |       9 |  23.7 |      19 |       6 |  24.0
            +---------+---------+-------+---------+---------+-------
        D:1 |      29 |       9 |  23.7 |      19 |       6 |  24.0
            +---------+---------+-------+---------+---------+-------
